[Event "Early-Titled-Tuesday-Blitz-January-30-2024"]
[Site "Chess.com"]
[Date "2024.01.30"]
[Round "9"]
[White "FlemingA"]
[Black "viktorskliarov"]
[Result "0-1"]
[WhiteElo "2464"]
[BlackElo "2654"]
[TimeControl "180+1"]
[EndTime "9:49:24 PST"]
[Termination "viktorskliarov won by resignation"]

1. e4 c5 2. Nf3 Nc6 3. Bb5 e6 4. O-O Nge7 5. Nc3 Nd4 6. Bd3 Nec6 7. Re1 Be7 8. e5 O-O 9. b3 Nxf3+ 10. Qxf3 Nb4 11.
Be4 f5 12. exf6 Rxf6 13. Qh3 Rh6 14. Qg3 d5 15. Bd3 Bd6 16. Qf3 Bxh2+ 17. Kf1 Bd6 18.
Bb2 Qh4 19. g3 Qh1+ 20. Qxh1 Rxh1+ 21. Ke2 Rxe1+ 22. Rxe1 Nxd3 23. Kxd3 Bd7 24. Ne2 e5 25. c4 Bf5+ 26. Ke3 d4+ 27. Kf3 e4+ 28. Kg2 Bg4 29. Ng1 Re8 30. Bc1 Kf7 31. a3 Bf5 32. Bb2 g5 33. Ne2 h5 34. Rh1 Kg6 35. Ng1 Bg4 36.
Bc1 b6 37. Bb2 Rf8 38. Bc1 Bd1 39. Nh3 Bf3+ 40. Kg1 Bxh1 41. Kxh1 Rf3 42. d3 Rxd3 43. Bxg5 Rxb3 44. Kg2 Rxa3 45. Bd8 Ra2 46. Ng5 e3 47.
Ne4 Be5 48. Kf1 Kf5 49. f3 d3 50. Nc3 Bxc3 0-1

[Event "Early-Titled-Tuesday-Blitz-January-30-2024"]
[Site "Chess.com"]
[Date "2024.01.30"]
[Round "9"]
[White "FGHSMN"]
[Black "GOGIEFF"]
[Result "0-1"]
[WhiteElo "2916"]
[BlackElo "3005"]
[TimeControl "180+1"]
[EndTime "9:49:25 PST"]
[Termination "GOGIEFF won by resignation"]

1. d4 Nf6 2. Bf4 c5 3. d5 d6 4. Nc3 e5 5. dxe6 Bxe6 6. e4 Nc6 7. Nf3 Be7 8. Ng5 Bg4 9. Qd2 h6 10. Nf3 O-O 11. Be2 Re8 12. O-O-O Qa5 13. Kb1 Bf8 14. h3 Bh5 15. Ne1 Bxe2 16. Qxe2 d5 17. Nxd5 Nxd5 18.
Rxd5 Nb4 19. Rd7 Qxa2+ 20. Kc1 Rad8 21. Qb5 Qa1+ 22. Kd2 Qa6 23. Qxa6 Rxd7+ 24. Qd3 Nxd3 25. cxd3 Rxe4 26. Be3 c4 27. d4 Bb4+ 28. Ke2 Bxe1 29. Rxe1 Rdxd4 30. Ra1 Rd3 31. Kf3 Rexe3+ 32. fxe3 Rb3 33.
Rxa7 Rxb2 34. Ra8+ Kh7 35. Rc8 b5 36. g4 Rb3 37. Ke4 c3 38. Kd3 b4 39. Rc4 Rb2 40.
e4 g5 41. Rc6 Rd2+ 42. Kc4 Rb2 43. Kd3 Kg7 44. e5 Kf8 45. Rc7 Ke8 46. Rc6 Kd7 47.
Rd6+ Kc7 48. Rf6 Rd2+ 49. Ke3 Rd7 50. Ra6 c2 51. Ra1 b3 0-1

[Event "Early-Titled-Tuesday-Blitz-January-30-2024"]
[Site "Chess.com"]
[Date "2024.01.30"]
[Round "9"]
[White "AlexPapasimakopoulos"]
[Black "h4parah5"]
[Result "0-1"]
[WhiteElo "2764"]
[BlackElo "2906"]
[TimeControl "180+1"]
[EndTime "9:49:25 PST"]
[Termination "h4parah5 won by checkmate"]

1. d4 d5 2. c4 e6 3. Nc3 Nf6 4. cxd5 exd5 5. Bg5 c6 6. e3 h6 7. Bh4 Be6 8. Nf3 Nbd7 9. Bd3 g5 10. Bg3 Nh5 11. Qc2 Nxg3 12. hxg3 Qf6 13. O-O O-O-O 14. e4 dxe4 15. Nxe4 Qg7 16. b4 g4 17. b5 gxf3 18.
bxc6 Qxd4 19. cxd7+ Kb8 20. Rac1 Qxd7 21. Bb5 Qe7 22.
gxf3 h5 23. Bc4 Bh6 24. f4 Rc8 25. Qb3 Rxc4 26. Rxc4 h4 27. Nc5 Bxc4 28. Qxc4 hxg3 29. fxg3 Bg7 30. Kg2 Rh6 31. Ne4 Rc6 32. Qd3 a6 33.
Rd1 Qe6 34. a4 Qa2+ 35. Rd2 Qxa4 36. Nd6 Rc3 37. Qd5 Qc6 38. Qxc6 Rxc6 39. Nxf7 a5 40. Ra2 Ra6 41. Kf3 b5 42. g4 Kc7 43. f5 b4 44. g5 b3 45. Ra3 a4 46. f6 Bf8 47.
Ra1 b2 48. Rb1 a3 49. g6 Rxf6+ 50. Ke2 Rxg6 51. Ne5 Re6 52. Rxb2 axb2 53. Kd1 Rxe5 54. Kc2 Rb5 55. Kb1 Kb6 56. Kc2 b1=Q+ 57. Kc3 Bg7+ 58.
Kc4 Qb3# 0-1

[Event "Early-Titled-Tuesday-Blitz-January-30-2024"]
[Site "Chess.com"]
[Date "2024.01.30"]
[Round "9"]
[White "Kildepiotr"]
[Black "DmitriiZakurdaev"]
[Result "1-0"]
[WhiteElo "2683"]
[BlackElo "2470"]
[TimeControl "180+1"]
[EndTime "9:49:25 PST"]
[Termination "Kildepiotr won on time"]

1. Nf3 d5 2. g3 Nf6 3. Bg2 e6 4. O-O Be7 5. d3 O-O 6. Nbd2 c5 7. e4 Nc6 8. Re1 b5 9. e5 Nd7 10. Nf1 a5 11. h4 Ba6 12. Bf4 Qb6 13. h5 h6 14. g4 Nd4 15. Nxd4 cxd4 16. Re2 Rfc8 17. Nh2 Nf8 18. Nf3 Nh7 19. Qd2 a4 20. g5 hxg5 21. Nxg5 Nxg5 22. Bxg5 Bf8 23. h6 g6 24. Qf4 Ra7 25. Bf3 Kh7 26. Kg2 a3 27. b3 Rc6 28.
Rh1 Qc7 29. Qxd4 Rb7 30. Qf4 Qc8 31. c4 bxc4 32. dxc4 Rd7 33. Rd2 Rcc7 34. cxd5 exd5 35. Rxd5 Rxd5 36. Bxd5 Qd7 37. Be4 Bb7 38. Bxb7 Rxb7 39. Qe4 Rc7 40. Rc1 Rxc1 41. Bxc1 Qe6 42. Be3 Bd6 43.
f4 Bf8 44. Kg3 Bxh6 45. Qc4 Qf5 46. b4 Bg7 47. b5 Qb1 48. b6 Bf8 49. Qxf7+ Bg7 50.
b7 Qe1+ 51. Bf2 Qc3+ 52. Kg4 1-0

[Event "Early-Titled-Tuesday-Blitz-January-30-2024"]
[Site "Chess.com"]
[Date "2024.01.30"]
[Round "9"]
[White "Byniolus"]
[Black "gahryman"]
[Result "1-0"]
[WhiteElo "2840"]
[BlackElo "2667"]
[TimeControl "180+1"]
[EndTime "9:49:27 PST"]
[Termination "Byniolus won on time"]

1. d4 Nf6 2. Nf3 d5 3. Bf4 c5 4. c3 Qb6 5. Qb3 c4 6. Qc2 Nc6 7. Nbd2 Bg4 8. e3 e6 9. b3 cxb3 10.
axb3 Rc8 11. Qb2 Bf5 12. Be2 Be7 13. h3 h6 14. O-O O-O 15. b4 Ne4 16. Rfc1 a6 17.
Nb3 Bf6 18. Qa3 Na7 19. Nc5 Nb5 20. Qb2 Nbd6 21. Nd7 Qd8 22. Nxf8 Qxf8 23. Ne5 Qd8 24. f3 Ng5 25. b5 axb5 26. Bxb5 Bxh3 27. gxh3 Nxh3+ 28. Kf1 Bxe5 29. dxe5 Nf5 30. Bd3 Nxf4 31. exf4 Ng3+ 32.
Kf2 Qh4 33. Ke3 g5 34. Kd2 Qxf4+ 35. Kc2 d4 36. c4 Nf5 37. Qb3 Ne3+ 38. Kb2 b5 39. cxb5 Rb8 40. b6 Qxe5 41. b7 Kg7 42. Ra8 Nd5 43. Rxb8 Qxb8 44. Rc8 Qh2+ 45. Qc2 Qg1 46.
b8=Q Ne3 47. Qe5+ f6 48. Qxd4 Nxc2 49. Qxg1 1-0

[Event "Early-Titled-Tuesday-Blitz-January-30-2024"]
[Site "Chess.com"]
[Date "2024.01.30"]
[Round "9"]
[White "Imagine_Drag0n"]
[Black "JoachimBN"]
[Result "1-0"]
[WhiteElo "2775"]
[BlackElo "2605"]
[TimeControl "180+1"]
[EndTime "9:49:27 PST"]
[Termination "Imagine_Drag0n won by checkmate"]

1. e4 c5 2. Nf3 g6 3. d4 cxd4 4. Qxd4 Nf6 5. Nc3 Nc6 6. Qa4 d6 7. e5 dxe5 8. Nxe5 Bg7 9. Nxc6 bxc6 10. Bc4 O-O 11. O-O Qc7 12. h3 a5 13. Bb3 Rb8 14.
Bf4 e5 15. Be3 Rb4 16. Qa3 Re8 17. Bc5 Bf8 18. Bxf8 Rxf8 19. Rad1 Bf5 20. Rfe1 Ra8 21. Na4 Ne4 22. c3 Rb5 23. Bc4 Qa7 24. Re3 Rbb8 25. Rde1 Rd8 26. Rxe4 Bxe4 27. Rxe4 Rd1+ 28. Bf1 Qd7 29.
Nc5 Qd5 30. Re3 Rd8 31. Ne4 Qb5 32. Ng3 Rxf1+ 33. Nxf1 Rd1 34. c4 Qxc4 35. Kh2 Rxf1 36. Rf3 e4 37. Rf4 Qd5 38. Qe7 Re1 39. h4 h5 40. Kg3 Rd1 41. Kh2 Rd3 42. Qf6 Rd2 43.
Qe7 Rxb2 44. Qe8+ Kg7 45. Qe7 Rd2 46. Qf6+ Kg8 47. Qe7 Qe6 48. Qc7 Qe5 49. Qxe5 Rd7 50. Qf6 Kf8 51. Rxe4 Kg8 52. Re8+ Kh7 53. Rh8# 1-0

[Event "Early-Titled-Tuesday-Blitz-January-30-2024"]
[Site "Chess.com"]
[Date "2024.01.30"]
[Round "9"]
[White "LeoLV10"]
[Black "YurasovMat-2012"]
[Result "0-1"]
[WhiteElo "2470"]
[BlackElo "2623"]
[TimeControl "180+1"]
[EndTime "9:49:29 PST"]
[Termination "YurasovMat-2012 won by resignation"]

1. e4 e5 2. Nf3 Nf6 3. Nxe5 d6 4. Nf3 Nxe4 5. Nc3 Nxc3 6. dxc3 Nd7 7. Be3 Be7 8. Qd2 Nf6 9. O-O-O O-O 10. h4 c5 11. Bc4 b5 12. Bd5 Nxd5 13. Qxd5 Be6 14.
Qe4 d5 15. Qf4 f6 16. h5 Qa5 17. a3 Qa4 18. Rhe1 Qxf4 19. Bxf4 Kf7 20. Rd2 Rfe8 21. Rde2 Bf8 22. Nh2 a5 23. f3 b4 24. axb4 axb4 25.
Nf1 bxc3 26. bxc3 d4 27. Kd2 Ra3 28. cxd4 cxd4 29. Rb1 d3 30. Rb7+ Kg8 31. Re3 Ra2 32.
Rxd3 Bc4 33. Re3 Rd8+ 34. Ke1 Ra1+ 35. Kf2 Rxf1+ 36. Kg3 Rfd1 37. Rc3 Be6 38. Rcc7 R1d7 39.
c4 Rxc7 40. Rxc7 Rd4 41. c5 Rc4 42. Be3 f5 43. Kf2 f4 44. Bd2 Bxc5+ 45. Ke1 Bf2+ 46. Kxf2 Rxc7 47. Bxf4 Rc2+ 48. Kg3 Bc4 49. Be3 Bf1 50. Bf2 Kf7 51. Be3 Rxg2+ 52. Kf4 Ra2 53. Kg3 Ra4 54. Bf2 Bb5 55. f4 Bc6 56. Bc5 Rc4 57. Bd6 g6 58.
Be5 gxh5 59. Kh4 Bf3 60. Kg5 Rc1 61. Kh4 Rh1+ 62. Kg5 Rg1+ 63. Kh4 Ke6 64. Bb8 Kf5 65. Be5 Rg4+ 66. Kxh5 Rg2+ 67. Kh6 Rh2+ 68. Kg7 h5 69. Kh6 h4 70. Bc3 h3 71. Be1 Rh1 72. Bg3 Rg1 73. Bh2 Rg2 74. Bg3 Rxg3 0-1

[Event "Early-Titled-Tuesday-Blitz-January-30-2024"]
[Site "Chess.com"]
[Date "2024.01.30"]
[Round "9"]
[White "Yushko_Olga"]
[Black "eightbyeightchess"]
[Result "1-0"]
[WhiteElo "2176"]
[BlackElo "2389"]
[TimeControl "180+1"]
[EndTime "9:49:29 PST"]
[Termination "Yushko_Olga won by resignation"]

1. d4 d5 2. c4 c6 3. cxd5 cxd5 4. Nc3 Nf6 5. Nf3 Nc6 6. Bf4 a6 7. e3 Bf5 8. Bd3 Bg6 9. O-O e6 10. Rc1 Bd6 11. Bg5 O-O 12. Re1 Rc8 13. h3 b5 14.
a3 Bh5 15. g4 Bg6 16. e4 dxe4 17. Nxe4 Be7 18. Nxf6+ Bxf6 19. Bxf6 Qxf6 20. Ne5 Nxe5 21. dxe5 Qf4 22. Bxg6 hxg6 23. Kg2 Rcd8 24. Qf3 Qxf3+ 25. Kxf3 Rd2 26. Re2 Rfd8 27. Rc3 R8d5 28. Rxd2 Rxd2 29. b4 Ra2 30. Ke3 g5 31. Rc8+ Kh7 32. Rc3 Kg6 33.
f4 f5 34. exf6 Kxf6 35. Ke4 Re2+ 36. Kf3 Rh2 37. Kg3 Ra2 38. Re3 gxf4+ 39. Kxf4 e5+ 40. Rxe5 Rf2+ 41. Ke3 Ra2 42. Rf5+ Kg6 43. h4 Rxa3+ 44. Kd4 Rg3 45. Rf4 Rh3 46. Kc5 Rxh4 47. Kb6 Kg5 48.
Rf7 Kh6 49. Rf4 g5 50. Re4 Kg6 51. Kxa6 Kf6 52. Kxb5 Rh1 53. Kc5 Rh8 54. b5 Rc8+ 55.
Kd5 Re8 56. Rxe8 1-0

[Event "Early-Titled-Tuesday-Blitz-January-30-2024"]
[Site "Chess.com"]
[Date "2024.01.30"]
[Round "9"]
[White "Ducke13"]
[Black "DvaHrasta"]
[Result "0-1"]
[WhiteElo "2311"]
[BlackElo "2546"]
[TimeControl "180+1"]
[EndTime "9:49:30 PST"]
[Termination "DvaHrasta won by checkmate"]

1. d4 Nf6 2. g3 e6 3. Nf3 c5 4. Bg2 Nc6 5. O-O d5 6. c4 dxc4 7. dxc5 Qxd1 8. Rxd1 Bxc5 9. Nbd2 c3 10. bxc3 O-O 11.
Nb3 Bb6 12. Ba3 Re8 13. Nfd4 Ne5 14. Nb5 Nc4 15. Bc5 a6 16. Nd6 Nxd6 17. Bxb6 Nc4 18. Bc5 Nd5 19. Rac1 b5 20. e4 Nf6 21. e5 Nd5 22. Bd6 Bb7 23. Nc5 Bc6 24. Rd4 Red8 25.
Ne4 Rac8 26. f4 Ba8 27. Kf2 f5 28. Ng5 Nxd6 29. exd6 Rxd6 30. Re1 Rxc3 31. Nxe6 Rc2+ 32. Kg1 Rxg2+ 33. Kxg2 Nxf4+ 34. Kf1 Rxe6 35. gxf4 Be4 36. Kf2 Rc6 37. Red1 h5 38. Rd6 Rc3 39. R1d2 Ra3 40. h4 Kh7 41. Rd7 Rh3 42. Ra7 Rxh4 43. Rdd7 Rxf4+ 44. Ke3 Rg4 45. Rxa6 h4 46. Ra8 h3 47. Rc8 h2 48. Rc1 Rg1 49. Rdd1 Rxd1 50. Rxd1 h1=Q 51. Rxh1+ Bxh1 52. Kd4 g5 53. Kc5 g4 54. Kxb5 g3 55. Kc4 g2 56. Kd4 g1=Q+ 57. Ke5 Qe3+ 58. Kf6 f4 59. Kf5 Be4+ 60. Ke5 Bb1+ 61. Kf6 f3 62. a4 f2 63. a5 f1=Q# 0-1

[Event "Early-Titled-Tuesday-Blitz-January-30-2024"]
[Site "Chess.com"]
[Date "2024.01.30"]
[Round "9"]
[White "Attacks_Hurricane"]
[Black "topalovkramnik"]
[Result "1-0"]
[WhiteElo "2280"]
[BlackElo "2425"]
[TimeControl "180+1"]
[EndTime "9:49:30 PST"]
[Termination "Attacks_Hurricane won by resignation"]

1. e4 c5 2. Nf3 d6 3. c3 Nf6 4. Be2 Nc6 5. d4 g6 6. O-O Bg7 7. Bd3 O-O 8. h3 b6 9. Be3 Bb7 10. Nbd2 e5 11. Re1 Re8 12. Qb3 Qc7 13. Rac1 Rad8 14.
Bg5 h6 15. Bh4 g5 16. Bg3 Nh5 17. Bh2 exd4 18. cxd4 Nxd4 19. Nxd4 Bxd4 20. Nf3 Bg7 21. Bc4 Nf4 22. Bxf4 gxf4 23. Nd2 Qe7 24. Re2 Qf6 25. Rce1 Re7 26. Nf3 Rde8 27. Bd5 Ba6 28. Rd2 Qg6 29.
Nh4 Qh5 30. Nf5 Re5 31. Nxd6 Rf8 32. f3 Qh4 33. Red1 Qh5 34. Qa4 Bc8 35. Qxa7 Bxh3 36.
Bxf7+ Kh8 37. Bxh5 Be6 38. Bg4 Bxg4 39. fxg4 f3 40.
Nf7+ Kg8 41. Nxe5 f2+ 42. Rxf2 Re8 43. Qf7+ Kh8 44. Qxe8+ Kh7 45. Qg6+ 1-0

[Event "Early-Titled-Tuesday-Blitz-January-30-2024"]
[Site "Chess.com"]
[Date "2024.01.30"]
[Round "9"]
[White "monomita"]
[Black "JuniorJumper"]
[Result "0-1"]
[WhiteElo "2743"]
[BlackElo "2528"]
[TimeControl "180+1"]
[EndTime "9:49:31 PST"]
[Termination "JuniorJumper won on time"]

1. d4 d5 2. c4 e6 3. Nf3 c6 4. Nc3 dxc4 5. a4 Bb4 6. e4 b5 7.
Bg5 Qb6 8. Be2 Nd7 9. O-O Ngf6 10. e5 Bxc3 11. exf6 gxf6 12. Be3 Bxb2 13. d5 c5 14. Rb1 c3 15. Bxb5 a6 16. Bc6 Ra7 17.
a5 Qxa5 18. dxe6 fxe6 19. Qd6 Kf7 20. Qf4 Qc7 21. Qa4 Nb6 22. Qe4 Nd5 23. Ba4 Bb7 24. Qh4 Raa8 25. Qh5+ Ke7 26. Rfe1 Rag8 27. Bh6 Rg6 28. Bc2 Rhg8 29. Bxg6 Rxg6 30. Bc1 Rg7 31. Qh6 Kf7 32. Bxb2 cxb2 33. Rxb2 Bc6 34. Qh5+ Kg8 35. Qh6 Qf4 36. Qxf4 Nxf4 37. Nh4 Nd3 38. Rb8+ Kf7 39.
Rd1 Nf4 40. Rc8 Ne2+ 0-1

[Event "Early-Titled-Tuesday-Blitz-January-30-2024"]
[Site "Chess.com"]
[Date "2024.01.30"]
[Round "9"]
[White "ProChessWICTH"]
[Black "Viktor_Poddubnyi"]
[Result "1-0"]
[WhiteElo "2523"]
[BlackElo "2301"]
[TimeControl "180+1"]
[EndTime "9:49:32 PST"]
[Termination "ProChessWICTH won on time"]

1. e4 g6 2. d4 Bg7 3. f4 d6 4.
Nf3 Nf6 5. Bd3 c5 6. dxc5 dxc5 7.
e5 Nd5 8. O-O O-O 9. Be4 e6 10.
c4 Nb4 11. Be3 Nd7 12. Nbd2 f6 13. exf6 Qxf6 14. a3 Nc6 15. Rb1 Nd4 16. Nb3 Nxb3 17. Qxb3 Rb8 18. Rf2 b6 19. Rd1 Qe7 20. Ng5 Nf6 21. Bf3 Bb7 22. Rfd2 h6 23. Bxb7 Rxb7 24. Nf3 Ng4 25. h3 Nxe3 26. Qxe3 Qf6 27. b4 Qxf4 28.
Qxe6+ Kh7 29. Rd7 Rf7 30. Rxb7 Rxb7 31. b5 Rf7 32. Rd8 Bd4+ 33. Kh1 Qc1+ 34. Kh2 Qf4+ 35. Kh1 Qc1+ 36. Qe1 Qxe1+ 37. Nxe1 Rf1+ 38. Kh2 Rxe1 39. Rd7+ Bg7 40. Rxa7 Re6 41. a4 Kg8 42. Kg1 Bd4+ 43. Kf1 Re3 44. Ra6 Ra3 45. Rxb6 Rxa4 46. Rxg6+ Kh7 47. Rc6 Rxc4 48. Ke2 Rc2+ 49. Kf3 Rf2+ 50. Kg3 Rb2 51. b6 1-0

[Event "Early-Titled-Tuesday-Blitz-January-30-2024"]
[Site "Chess.com"]
[Date "2024.01.30"]
[Round "9"]
[White "Sanyura"]
[Black "iwanyu"]
[Result "1-0"]
[WhiteElo "2655"]
[BlackElo "2824"]
[TimeControl "180+1"]
[EndTime "9:49:33 PST"]
[Termination "Sanyura won by checkmate"]

1. Nf3 Nf6 2. g3 c5 3. Bg2 Nc6 4. d3 e5 5. O-O Be7 6. Nbd2 O-O 7. e4 d6 8. Nh4 Re8 9. f4 exf4 10. gxf4 Nxe4 11. Nxe4 Bxh4 12. f5 d5 13. Nxc5 Bf6 14.
c3 Nd4 15. cxd4 Bxd4+ 16. Kh1 Bxc5 17. f6 g6 18. d4 Bf8 19. Bf4 Qxf6 20. Be5 Qd8 21.
Qf3 Be6 22. Bh3 Qe7 23. Rae1 Bxh3 24. Qxh3 f6 25. Bxf6 Qxe1 26. Rxe1 Rxe1+ 27. Kg2 Re2+ 28. Kf3 Rae8 29. Be5 Rxb2 30. Qd7 Re7 31. Qxd5+ Rf7+ 32. Ke3 b5 33. Qe6 b4 34. d5 Rxa2 35. d6 Ra3+ 36.
Ke4 Ra6 37. Qc4 Rxd6 38. Bxd6 Bxd6 39. Qc8+ Bf8 40. Kd5 Rf5+ 41. Ke6 a5 42. Qa8 Kg7 43.
Qb7+ Kh6 44. Qe4 a4 45. Qh4+ Kg7 46. Qd4+ Kg8 47. Qc4 a3 48. h3 Rc5 49. Qf4 Rc6+ 50. Kd7 Rd6+ 51. Ke8 Re6+ 52. Kd7 Re7+ 53. Kd8 Rf7 54.
Qc4 Kg7 55. Qd4+ Rf6 56. Ke8 a2 57. Qd7+ Kh6 58. Qd4 Bg7 59. Qh4# 1-0

[Event "Early-Titled-Tuesday-Blitz-January-30-2024"]
[Site "Chess.com"]
[Date "2024.01.30"]
[Round "9"]
[White "Alimpic"]
[Black "alvarorodriguezavila"]
[Result "1/2-1/2"]
[WhiteElo "2513"]
[BlackElo "2357"]
[TimeControl "180+1"]
[EndTime "9:49:33 PST"]
[Termination "Game drawn by repetition"]

1. d4 d5 2. c4 e6 3. Nc3 Nf6 4. Bg5 Nbd7 5. e3 Be7 6. Rc1 O-O 7. Nf3 b6 8. cxd5 exd5 9. Bd3 Bb7 10. O-O h6 11.
Bh4 c5 12. Qc2 a6 13. dxc5 bxc5 14. Bf5 d4 15. exd4 Bxf3 16. gxf3 cxd4 17. Ne4 Ne5 18. Nxf6+ Bxf6 19. Bg3 Nxf3+ 20. Kg2 Nh4+ 21. Bxh4 Bxh4 22. Qe4 Re8 23. Qg4 Qg5 24. Qxg5 Bxg5 25. Rc2 Rad8 26. Bd3 Rd6 27. b3 g6 28. a4 Rb8 29. Rb1 Rb4 30.
Rc4 Rxc4 31. bxc4 Kg7 32. a5 Bd2 33. Rb6 Rxb6 34. axb6 Ba5 35. b7 Bc7 36. Kf3 Bxh2 37. Ke4 h5 38. Kxd4 Bb8 39. Kc5 h4 40. Kc6 f5 41. c5 h3 42. Bf1 h2 43. Bg2 a5 44.
Kd7 a4 45. c6 a3 46. c7 Bxc7 47. Kxc7 a2 48. b8=Q a1=Q 49. Qd8 h1=Q 50. Bxh1 Qxh1 51. Qe7+ Kh6 52. Qe3+ Kg7 53. Qe7+ Kh6 54. Qe3+ Kg7 55. Qe7+ 1/2-1/2

[Event "Early-Titled-Tuesday-Blitz-January-30-2024"]
[Site "Chess.com"]
[Date "2024.01.30"]
[Round "9"]
[White "Mesa_1"]
[Black "cthulhuuu"]
[Result "1-0"]
[WhiteElo "2570"]
[BlackElo "2371"]
[TimeControl "180+1"]
[EndTime "9:49:34 PST"]
[Termination "Mesa_1 won on time"]

1. Nf3 Nf6 2. c4 g6 3. Nc3 Bg7 4. e4 d6 5. d4 O-O 6. Be2 e5 7.
d5 a5 8. Be3 Na6 9. Nd2 Nd7 10.
a3 f5 11. f3 Nac5 12. b4 axb4 13.
axb4 Rxa1 14. Qxa1 Na6 15. Qa3 Bh6 16. Bxh6 Qh4+ 17.
Kd1 Qxh6 18. c5 dxc5 19. Bxa6 cxb4 20. Qxb4 bxa6 21. Qc4 Nb6 22. Qxc7 Qe3 23. Re1 Qd4 24. Kc2 Bd7 25. Nb3 Qf2+ 26. Re2 Qxe2+ 27. Nxe2 Rc8 28.
Qxc8+ Nxc8 29. f4 Nd6 30. fxe5 Nxe4 31. Nc3 Bb5 32. Nxb5 axb5 33. Kd3 Kf7 34. Kd4 Ke7 35. Na5 Nf2 36. Nc6+ Kd7 37. e6+ Kd6 38. Na7 b4 39.
Nb5+ Ke7 40. Kc4 Ne4 41. Kxb4 Nf6 42. Kc5 Ng4 43. h3 Ne3 44. Nd4 Nxg2 45. d6+ Kf6 46. d7 Ke7 47. Nc6+ Kxe6 48. d8=Q Nf4 49. Qd6+ Kf7 50. Qxf4 1-0

[Event "Early-Titled-Tuesday-Blitz-January-30-2024"]
[Site "Chess.com"]
[Date "2024.01.30"]
[Round "9"]
[White "tusplingher"]
[Black "jk13"]
[Result "1/2-1/2"]
[WhiteElo "2498"]
[BlackElo "2703"]
[TimeControl "180+1"]
[EndTime "9:49:35 PST"]
[Termination "Game drawn by repetition"]

1. e4 e5 2. Nf3 Nc6 3. Bb5 a6 4. Ba4 Nf6 5. d3 b5 6. Bb3 Bc5 7. Nc3 O-O 8. Nd5 h6 9. Nxf6+ Qxf6 10. Bd5 Re8 11. Rg1 Rb8 12. g4 Nd4 13. Nxd4 Bxd4 14. Qe2 g5 15. h4 c6 16. Bb3 d5 17. c3 Bb6 18. Bd2 dxe4 19. dxe4 Be6 20. hxg5 hxg5 21.
Rh1 Rbd8 22. f3 Qg6 23. Rh5 f6 24. O-O-O Bxb3 25. axb3 Kg7 26. Rdh1 Rh8 27. Rxh8 Rxh8 28. Rxh8 Kxh8 29. Qd3 Qe8 30. Qd6 Kg7 31. Kc2 Kf7 32. c4 Bd8 33. Bb4 Kg6 34. Kd3 Bb6 35. Kc2 Bd4 36. Bc3 Be3 37. Kd3 Bb6 38. Bb4 Ba7 39. Bc5 Bb8 40. Qf8 Qxf8 41. Bxf8 Kf7 42. Bc5 Ke6 43. b4 Bc7 44. b3 Bd8 45. Kc2 Bc7 46.
Kd3 Bb8 47. Kc2 Kd7 48. Kd3 Bc7 49. Kc2 Bd8 50. Kd3 Bc7 51. Kc2 a5 52. bxa5 Bxa5 53.
cxb5 cxb5 54. b4 Bd8 55. Kd3 Kc6 56. Kc2 Kd7 57. Kd3 Ke6 58. Kc2 Bc7 59. Kd3 Bd6 60. Bxd6 Kxd6 61. Kc2 Kc6 62. Kd3 Kd6 63. Kc2 Kc6 64. Kd3 Kd6 1/2-1/2

[Event "Early-Titled-Tuesday-Blitz-January-30-2024"]
[Site "Chess.com"]
[Date "2024.01.30"]
[Round "9"]
[White "Herzog2012"]
[Black "brm72"]
[Result "0-1"]
[WhiteElo "2555"]
[BlackElo "2694"]
[TimeControl "180+1"]
[EndTime "9:49:36 PST"]
[Termination "brm72 won on time"]

1. e4 c6 2. d4 d5 3. e5 c5 4.
dxc5 e6 5. Be3 Nh6 6. c3 Nf5 7.
Bd4 Bd7 8. Bd3 Nxd4 9. cxd4 Nc6 10. Ne2 b6 11. Bb5 bxc5 12. Bxc6 Bxc6 13. Nbc3 Rb8 14.
Qd2 Be7 15. O-O O-O 16. Rac1 Qb6 17. b3 Rfc8 18. Qd3 h6 19. Kh1 Bd7 20. f4 cxd4 21. Nxd4 Bc5 22. Nce2 Ba3 23. Rxc8+ Rxc8 24. f5 Qc7 25.
Qa6 Bb2 26. fxe6 fxe6 27. Nxe6 Qxe5 28. N6f4 Rf8 29. Qd3 g5 30. Qg6+ Qg7 31. Qd6 gxf4 32. Nxf4 d4 33. Qd5+ Kh8 34. Qe4 Bf5 35. Qd5 Bh7 36.
h3 d3 37. g3 Bc3 38. Kg2 d2 39. Ne6 Rxf1 40. Kxf1 Qf6+ 41. Ke2 Bg8 42. Qd8 Qxe6+ 43. Kf2 d1=Q 44. Qxd1 Qe5 45. Qf3 Qd4+ 46. Kf1 Bd5 47. Qf8+ Kh7 48. Qe7+ Kg8 49. Qe8+ Kg7 50. Qd7+ Bf7 51.
Qc7 Qe5 52. Qc8 Qe6 53. Qc7 Qf6+ 0-1

[Event "Early-Titled-Tuesday-Blitz-January-30-2024"]
[Site "Chess.com"]
[Date "2024.01.30"]
[Round "9"]
[White "LastHeroJr"]
[Black "GaiozNigalidze"]
[Result "0-1"]
[WhiteElo "2501"]
[BlackElo "2719"]
[TimeControl "180+1"]
[EndTime "9:49:37 PST"]
[Termination "GaiozNigalidze won by resignation"]

1. e4 c5 2. Nf3 d6 3. d4 cxd4 4. Nxd4 Nf6 5. Nc3 a6 6. Bg5 e6 7.
f4 h6 8. Bh4 Qb6 9. a3 Nc6 10.
Bf2 Qc7 11. Qf3 e5 12. Nf5 Bxf5 13. exf5 O-O-O 14. O-O-O d5 15. fxe5 Nxe5 16. Qh3 Bc5 17. Bg3 Be3+ 18. Kb1 d4 19. Na2 Rhe8 20. Bd3 Qc5 21.
Bxe5 Qxe5 22. Rhf1 Kb8 23. Qg3 Qxg3 24. hxg3 Ng4 25.
Rde1 Bf2 26. Rxe8 Rxe8 27. Nc1 Bxg3 28. Ne2 Be5 29. Rf3 Ne3 30. g3 Kc7 31. c3 Nd5 32.
cxd4 Bd6 33. Bc4 Nf6 34. Nc3 Re7 35. Kc2 b5 36. Bb3 Kb7 37. Kd3 Nh5 38. Bd5+ Ka7 39. Ne4 Bc7 40. f6 gxf6 41. Nxf6 Nxg3 42. Ng4 h5 43. Nh6 h4 44. Nxf7 h3 45. Ne5 Bxe5 46. dxe5 Rxe5 47. Kd4 Rg5 48. Rf7+ Kb8 49. Rf8+ Kc7 50.
Rf7+ Kd6 51. Rf6+ Ke7 52. Rh6 Nf5+ 0-1

[Event "Early-Titled-Tuesday-Blitz-January-30-2024"]
[Site "Chess.com"]
[Date "2024.01.30"]
[Round "9"]
[White "ansko1999"]
[Black "Jojo_898"]
[Result "1-0"]
[WhiteElo "2675"]
[BlackElo "2444"]
[TimeControl "180+1"]
[EndTime "9:49:38 PST"]
[Termination "ansko1999 won on time"]

1. e3 d6 2. b3 Nf6 3. Bb2 g6 4. Bxf6 exf6 5. g3 Bg7 6. Bg2 O-O 7.
Ne2 f5 8. d4 Nc6 9. O-O Bd7 10.
c4 g5 11. Nbc3 Rc8 12. Nd5 Rb8 13. b4 Ne7 14. Nxe7+ Qxe7 15. Nc3 c6 16. a4 Qf6 17. a5 f4 18. Ne4 Qg6 19. c5 d5 20. Nd6 h5 21. e4 dxe4 22. Bxe4 Qf6 23. Qxh5 Qh6 24.
Qxh6 Bxh6 25. gxf4 gxf4 26. Bf5 Bxf5 27. Nxf5 Bg5 28.
Kg2 Kh7 29. Kf3 Kg6 30. Nd6 Rh8 31. Rh1 Rh3+ 32. Kg2 Rb3 33. h4 Bf6 34. h5+ Kh7 35. Rab1 Rg8+ 36. Kh2 Rf3 37. Ne4 Bxd4 38. Rhg1 Rxg1 39.
Rxg1 f6 40. Kg2 Rb3 41. Rd1 Rxb4 42. Kf3 Kh6 43. Kg4 Be5 44. Kf5 Rb5 45. Rd7 b6 46. Rxa7 bxa5 47. Ra6 Kxh5 48. Rxc6 Rb4 49. Ra6 Rc4 50.
Rxa5 Kh4 51. Ra3 1-0

[Event "Early-Titled-Tuesday-Blitz-January-30-2024"]
[Site "Chess.com"]
[Date "2024.01.30"]
[Round "9"]
[White "Massakru"]
[Black "arnash_bauyrzhan"]
[Result "1-0"]
[WhiteElo "2404"]
[BlackElo "2228"]
[TimeControl "180+1"]
[EndTime "9:49:38 PST"]
[Termination "Massakru won on time"]

1. e4 c5 2. Nf3 e6 3. c3 Nc6 4. d4 d5 5. exd5 exd5 6. Bb5 Bd6 7. O-O Ne7 8. dxc5 Bxc5 9. Nbd2 O-O 10. Nb3 Bd6 11. Bg5 f6 12. Bh4 a6 13. Bd3 Bg4 14.
Re1 Ne5 15. Be2 N5g6 16. Bg3 Bxg3 17. hxg3 Qd7 18. Nfd4 Bxe2 19. Qxe2 Ne5 20. Nc5 Qd6 21. Nce6 Rfe8 22. f4 N5c6 23. Qg4 g6 24. Re2 Nxd4 25. Nxd4 Nc6 26. Rae1 Rxe2 27. Qxe2 Nxd4 28. cxd4 Kf7 29. f5 Qxg3 30. Qe6+ Kg7 31. Qe7+ Kg8 32. fxg6 hxg6 33.
Qe6+ Kg7 34. Re3 Qf4 35. Qe7+ Kg8 36. Qe6+ Kg7 37. Qe7+ Kg8 38. Rd3 Qc1+ 39. Kh2 Qf4+ 40. Rg3 Qh4+ 41. Rh3 Qf4+ 42. Kh1 Qf1+ 43. Kh2 Qf4+ 44.
Kg1 Qxd4+ 45. Kh1 Qd1+ 46. Kh2 Qg4 47. Qh7+ Kf8 48. Qh8+ Ke7 49. Rh7+ Ke6 50. Qxa8 Qf4+ 51. Kh3 Qf5+ 52. Kg3 Qg5+ 53. Kf2 Qf4+ 54. Ke2 Qe4+ 55. Kd2 1-0

[Event "Early-Titled-Tuesday-Blitz-January-30-2024"]
[Site "Chess.com"]
[Date "2024.01.30"]
[Round "9"]
[White "GMKrikor"]
[Black "TigrVShlyape"]
[Result "0-1"]
[WhiteElo "2811"]
[BlackElo "2935"]
[TimeControl "180+1"]
[EndTime "9:49:39 PST"]
[Termination "TigrVShlyape won by resignation"]

1. Nf3 d5 2. c4 c6 3. d4 Nf6 4. Nc3 a6 5. e3 Bf5 6. Nh4 Bg4 7. Qb3 b5 8. c5 a5 9. h3 Bc8 10. Bd3 e5 11. dxe5 Nfd7 12. Nf3 Nxc5 13. Qc2 b4 14. Na4 Nxd3+ 15. Qxd3 c5 16. b3 Ba6 17.
Qf5 Qd7 18. Qf4 Qb5 19. Ng1 Nd7 20. Bb2 Qf1+ 21. Kd2 Qxg2 22. Qf3 Qxf3 23. Nxf3 c4 24. Bd4 c3+ 25. Kc2 Be2 26. Ne1 Bh5 27. f4 Bg6+ 28.
Nd3 Be4 29. Rhg1 h5 30. Rad1 Rh6 31. Kc1 Rg6 32. Nf2 Bf5 33. Rxg6 Bxg6 34. Rg1 Bf5 35. Rg5 g6 36. Rg1 Be7 37. Nh1 Bxh3 38. Ng3 Bg4 39. f5 gxf5 40. Rf1 Nf8 41. Nxf5 Ne6 42.
Nxe7 Kxe7 43. Bb6 Be2 44. Rh1 Bf3 45. Nc5 Bg4 46. Rg1 Nxc5 47. Bxc5+ Ke6 48. e4 dxe4 49. Be3 Rd8 50. Bf4 Rd3 51. Re1 Kf5 52. e6 fxe6 53.
Be3 h4 54. Bb6 Bf3 55. Bc7 h3 56. Bxa5 e3 57. Bc7 e2 58. Kc2 Rd2+ 59. Kc1 Rd1+ 0-1